 Dungeon Sprint DCSS version 0.18.1-48-g4cf74bf (webtiles) character file.

137 Joat the Thaumaturge (level 5, -4/31 HPs)
             Began as an Octopode Ice Elementalist on Aug 27, 2016.
             Was an Initiate of Vehumet.
             Slain by an insubstantial wisp (8 damage)
             ... in the Dungeon (Sprint V: "Ziggurat Sprint").
             The game lasted 00:04:18 (126 turns).

Joat the Thaumaturge (Octopode Ice Elementalist)     Turns: 126, Time: 00:04:19

Health: -4/31      AC:  1    Str:  7    XL:     5   Next: 20%
Magic:  6/16       EV:  4    Int: 19    God:    Vehumet [......]
Gold:   0          SH: 24    Dex: 12    Spells: 1 memorised, 21 levels left

rFire  . . .     SeeInvis .     P - +6 shillelagh "Devastator" {shatter}
rCold  . . .     Gourm    .     O - +18 shield of the gong {rElec rN+ MR+ EV-5}
rNeg   + . .     Faith    .     (helmet restricted)
rPois  .         Spirit   .     (no amulet)
rElec  +         Dismiss  .     (no ring)
rCorr  .         Reflect  .     (no ring)
SustAt .         Harm     .     (no ring)
MR     +....     NoTele   +     (no ring)
Stlth  +++.......               (no ring)
                                (no ring)
                                (no ring)
                                (no ring)

@: very slightly contaminated, invisible, somewhat resistant to hostile
enchantments, fairly stealthy
A: almost no armour, amphibious, 8 rings, constrict 8, camouflage 1, gelatinous
body 1
a: Renounce Religion


You were in the Dungeon.
You worshipped Vehumet.
Vehumet was noncommittal.
You were not hungry.

You visited 1 branch

Inventory:

Hand Weapons
 N - the +6 Majin-Bo {vamp, Archmagi MP+6 Int+6}
   (You found it in the Dungeon)

   It inflicts no extra harm, but heals its wielder somewhat when it strikes a
   living foe.
   It affects your intelligence (+6).
   It affects your magic capacity (+6).
 P - the +6 shillelagh "Devastator" (weapon) {shatter}
   (You found it in the Dungeon)
Armour
 i - a +3 buckler
 j - a +3 large shield
 k - a +3 shield
 O - the +18 shield of the gong (worn) {rElec rN+ MR+ EV-5}
   (You found it in the Dungeon)

   It affects your evasion (-5).
   It insulates you from electricity.
   It protects you from negative energy.
   It affects your resistance to hostile enchantments.
Magical Staves
 L - an uncursed staff of energy
Jewellery
 B - a +6 ring of dexterity
 C - a +6 ring of dexterity
 D - a +6 ring of intelligence
 E - a +6 ring of intelligence
 F - a +6 ring of strength
 G - a +6 ring of strength
Wands
 H - a wand of disintegration (7/24)
 I - a wand of iceblast (5/15)
 J - a wand of lightning (5/15)
 K - a wand of acid (5/15)
Scrolls
 h - 4 scrolls of blinking
 r - 4 scrolls of amnesia
 s - 3 scrolls of recharging
 t - 7 scrolls of fog
 u - a scroll of holy word
 v - 5 scrolls of identify
 w - 5 scrolls of remove curse
 x - 2 scrolls of fear
Potions
 c - 10 potions of curing
 d - 10 potions of heal wounds
 e - 6 potions of haste
 f - 7 potions of magic
 g - 3 potions of berserk rage
 l - 2 potions of brilliance
 m - a potion of invisibility
 n - 4 potions of resistance
 o - a potion of experience
 p - 5 potions of agility
 q - 5 potions of might
Books
 a - a book of Frost

   Spells                             Type                      Level
   a - Freeze                         Ice                          1
   b - Throw Frost                    Conjuration/Ice              2
   c - Ozocubu's Armour               Charms/Ice                   3
   d - Throw Icicle                   Conjuration/Ice              4
   e - Summon Ice Beast               Ice/Summoning                4
Miscellaneous
 y - a disc of storms
 M - a crystal ball of energy
Comestibles
 b - 5 bread rations
 z - 42 fruits
 A - 4 meat rations


   Skills:
 - Level 2.0 Dodging
 - Level 2.6 Stealth
 + Level 9.3 Spellcasting
   Level 1.0 Conjurations
 - Level 3.0 Ice Magic


You had 21 spell levels left.
You knew the following spells:

 Your Spells              Type           Power        Failure   Level  Hunger
a - Freeze                Ice            ###.         21%         1    None


Dungeon Overview and Level Annotations

Branches:
Dungeon (1/1)

Altars:
Ashenzari
Cheibriados
Dithmenos
Elyvilon
Fedhas
Gozag
Kikubaaqudgha
Makhleb
Nemelex Xobeh
Okawaru
Pakellas
Qazlal
Ru
Sif Muna
Trog
Vehumet
Xom
Yredelemnul
Zin
The Shining One
Beogh
Jiyva
Lugonu


Innate Abilities, Weirdness & Mutations

You cannot wear most types of armour.
You are amphibious.
You can wear up to eight rings at the same time.
You can use your tentacles to constrict eight enemies at once.
Your skin changes colour to match your surroundings (Stealth).
Your rubbery body absorbs attacks (AC +1).


Message History

You thump the insubstantial wisp!
The insubstantial wisp is almost destroyed.
The insubstantial wisp thrums sharply.
You are struck by lightning.
You resist.
* * * LOW HITPOINT WARNING * * *
The lightning arcs!
You closely miss the insubstantial wisp.
The insubstantial wisp is almost destroyed.
You block the insubstantial wisp's attack.
GONNNNG!
You block the insubstantial wisp's attack.
PANG!
The insubstantial wisp barely misses you.
You block the insubstantial wisp's attack.
GONNNNG!
Unknown command.
You completely miss the insubstantial wisp.
The insubstantial wisp is almost destroyed.
The insubstantial wisp hits you!
You die...

▓▓▓▓▓▓▓▓▓▓▓▓▓
▓.8©8.▓.8©8.▓
▓.v}:.▓.....▓
▓.v@..▓.|.|.▓
▓.v...▓.....▓
▓.....▓.....▓
▓.....▓.....▓
▓.....▓▓▓▓▓▓▓
▓▓▓▓▓▓▓


You could see 3 insubstantial wisps.

Vanquished Creatures
  A golden eye (D)
  An ooze (D)
2 creatures vanquished.

Notes
Turn   | Place    | Note
--------------------------------------------------------------
     0 | D        | Joat the Octopode Ice Elementalist began the quest for the Orb.
     0 | D        | Reached XP level 1. HP: 11/11 MP: 3/3
     1 | D        | Found an iron altar of Okawaru.
     1 | D        | Found a radiant altar of Vehumet.
     1 | D        | Found a burning altar of Makhleb.
     1 | D        | Found a shimmering altar of Xom.
     1 | D        | Found a deep blue altar of Sif Muna.
     5 | D        | Found a bloodstained altar of Trog.
     6 | D        | Found a roughly hewn altar of Beogh.
     6 | D        | Found a viscous altar of Jiyva.
     6 | D        | Found a corrupted altar of Lugonu.
     6 | D        | Found a white marble altar of Elyvilon.
     6 | D        | Found a sparkling altar of Nemelex Xobeh.
    64 | D        | Became a worshipper of Vehumet
   103 | D        | Entered arena 1.
   103 | D        | Noticed a golden eye
   106 | D        | Killed a golden eye
   106 | D        | Reached skill level 9 in Spellcasting
   106 | D        | Reached XP level 2. HP: 17/17 MP: 3/12
   106 | D        | Reached XP level 3. HP: 21/21 MP: 3/13
   106 | D        | Reached XP level 4. HP: 27/27 MP: 3/15
   106 | D        | Reached XP level 5. HP: 31/31 MP: 3/16
   114 | D        | Entered arena 2.
   114 | D        | Noticed an insubstantial wisp
   114 | D        | Noticed an insubstantial wisp
   114 | D        | Noticed an insubstantial wisp
   126 | D        | Slain by an insubstantial wisp

Skill      XL: |  1 |
---------------+----+-----
Spellcasting   | 9 |  9.3
Dodging        | |  2.0
Stealth        | |  2.6
Conjurations   | |  1.0
Ice Magic      | |  3.0

Action                   |  1- 3 |  4- 6 || total
-------------------------+-------+-------++-------
Melee: Shillelagh        |     1 |    11 ||    12
       Tentacles         |       |     2 ||     2
  Use: Potion            |     1 |       ||     1
 Stab: Sleeping          |     1 |     1 ||     2
       Invisible         |       |     1 ||     1
Dodge: Dodged            |       |     1 ||     1
Block: Shield            |       |    15 ||    15
